Map: Dusk Towers

Players

Dayshi - Winner!

  • Race: Terran Terran
  • League: Grandmaster

SortOf

  • Race: Zerg Zerg
  • League: Grandmaster

Event: 2016 WCS Winter Challenger Europe

VOD

https://www.youtube.com/watch?v=tkv9J3H8Tbk

Description

Time

  • Played on: Feb. 13, 2016, 1:36 p.m.
  • Length: 27:33

All games in this series

Show
View Real Time Build Order
Export as new Build Order

Dayshi Terran - Winner!

Build Orders: Reaper Expand, Hellion Banshee, MMM Bio 

Get SALT Encoding   

  12  0:00  SCV  
  13  0:13  SCV  
  14  0:17  Supply Depot  
  14  0:25  SCV  
  15  0:39  SCV  
  15  0:40  Barracks  
  16  0:43  Refinery  
  16  0:51  SCV  
  17  1:03  SCV  
  18  1:15  SCV  
  19  1:26  Reaper  
  19  1:27  Orbital Command  
  20  1:40  Command Center  
  20  1:48  Supply Depot  
  20  1:53  SCV  
  21  1:58  Marine  
  22  2:05  SCV  
  22  2:07  Factory  
  23  2:17  SCV  
  23  2:18  Refinery  
  23  2:21  Barracks Reactor  
  24  2:29  SCV  
  25  2:41  SCV  
  26  2:52  Orbital Command  
  26  2:53  SCV  
  26  2:55  Starport  
  27  3:05  SCV, Hellion x2, Barracks Tech Lab  
  31  3:17  SCV x2  
  33  3:25  Command Center  
  33  3:29  SCV  
  33  3:30  SCV  
  35  3:37  Banshee  
  35  3:38  Cloaking Field  
  38  3:44  Supply Depot  
  38  3:45  SCV x2  
  40  3:50  Hellion  
  40  3:53  Hellion  
  40  3:54  Barracks Tech Lab  
  44  3:58  SCV x2  
  46  4:10  SCV x2  
  46  4:12  Refinery, Marine  
  46  4:13  Stimpack  
  49  4:18  Hellion x2  
  53  4:31  Banshee  
  53  4:36  SCV x2  
  53  4:38  Marine, Orbital Command  
  56  4:43  Barracks  
  57  4:49  SCV x2  
  57  4:50  Barracks  
  57  4:51  Factory Reactor  
  59  5:01  SCV x2  
  59  5:02  Marine  
  59  5:04  Engineering Bay  
  59  5:05  SCV  
  59  5:06  Engineering Bay  
  61  5:13  SCV x2  
  63  5:15  Orbital Command  
  63  5:21  Refinery  
  63  5:22  Supply Depot  
  63  5:24  Supply Depot, Starport Reactor  
  63  5:26  SCV  
  63  5:28  Barracks  
  64  5:29  Barracks, SCV  
  65  5:38  SCV  
  65  5:41  SCV  
  67  5:42  Marine  
  67  5:43  Marine  
  67  5:46  SCV  
  70  5:50  SCV  
  70  5:52  Marine  
  70  5:53  Terran Infantry Weapons Level 1, SCV, Terran Infantry Armor Level 1  
  73  5:57  Marine x2  
  73  5:58  SCV  
  73  6:00  Supply Depot x2, Marine  
  73  6:01  Medivac x2  
  81  6:05  Marine  
  81  6:10  Marine  
  80  6:12  Siege Tank  
  80  6:16  Barracks Reactor x2, Marine  
  80  6:17  Combat Shields, Marine  
  85  6:21  SCV x2  
  85  6:24  SCV  
  85  6:25  Marine x2  
  88  6:26  Supply Depot  
  88  6:31  Armory  
  90  6:33  Supply Depot  
  90  6:34  Medivac  
  90  6:38  Medivac  
  94  6:41  Marine  
  94  6:42  Marine x2  
  94  6:43  Marine x2  
  94  6:45  SCV x2  
  101  6:58  Barracks, SCV x2  
  101  6:59  Barracks  
  101  7:00  Supply Depot x2, Factory Reactor  
  101  7:01  Supply Depot  
  104  7:02  Refinery  
  104  7:07  Medivac  
  104  7:08  Medivac  
  108  7:10  SCV  
  108  7:11  SCV, Marine  
  108  7:12  Marine x3  
  107  7:24  Marauder, Marine x4  
  107  7:29  Marine  
  114  7:30  Marine  
  114  7:31  SCV  
  114  7:32  Supply Depot, SCV x2  
  114  7:33  Marine x2  
  114  7:36  Medivac  
  122  7:38  Medivac  
  122  7:41  Marine x2  
  122  7:42  Marine x2  
  124  7:46  Marauder  
  124  7:47  Marauder, Concussive Shells, Marine x2  
  124  7:50  Marine  
  124  7:51  Marine  
  131  7:57  Factory Reactor  
  129  7:59  Command Center, Marine x2  
  129  8:00  Marine x2  
  129  8:05  Marine x2  
  134  8:06  Marine  
  134  8:08  Marine  
  134  8:09  Marine  
  131  8:17  Marine x4  
  129  8:23  Marine x2  
  129  8:25  Marauder  
  129  8:26  Marine x2  
  127  8:35  Marine x3  
  127  8:37  Widow Mine  
  127  8:38  Medivac, Widow Mine  
  127  8:39  Medivac  
  138  8:41  Command Center  
  138  8:42  Marauder, Marine x5  
  138  8:45  Refinery, Barracks x2  
  138  8:46  Marauder  
  146  9:01  Marine  
  146  9:02  Marine x3  
  149  9:04  Marine  
  149  9:10  Widow Mine x2, Marine x4  
  149  9:11  Marauder x2  
  149  9:12  Command Center  
  149  9:13  Terran Infantry Weapons Level 2  
  149  9:14  Terran Infantry Armor Level 2  
  146  9:27  Marine x2  
  146  9:28  Marine x3  
  146  9:30  Marine x3  
  151  9:32  Marauder  
  151  9:33  Marauder  
  151  9:34  Orbital Command  
  155  9:42  Marine x2  
  151  9:53  Marauder  
  151  9:54  Marauder  
  151  9:58  Marine x4  
  138  10:05  Marine  
  138  10:06  Marine  
  128  10:10  Marine  
  128  10:13  Marine  
  119  10:14  Marine x2  
  119  10:15  Marauder  
  119  10:16  Marauder  
  119  10:19  Marine  
  119  10:20  Marine x3  
  119  10:21  Barracks Tech Lab  
  119  10:22  Barracks Tech Lab, Orbital Command  
  117  10:28  Ghost Academy  
  117  10:34  Liberator x2  
  116  10:36  Marauder, Marine  
  116  10:37  Marauder, Marine x5  
  126  10:46  Marauder, Marine  
  126  10:47  Marauder, Marine x3  
  134  10:52  Widow Mine x2  
  134  10:54  Marine x2  
  134  10:55  Marine x4  
  150  10:57  Marauder  
  150  10:58  Marauder, Terran Ship Weapons Level 1  
  154  11:04  Marine  
  154  11:05  Marine x3  
  154  11:08  Marauder x2  
  154  11:10  Planetary Fortress  
  162  11:16  Personal Cloaking  
  162  11:17  Liberator x2  
  162  11:19  Marauder  
  162  11:20  Marauder  
  162  11:21  Marine x4  
  162  11:22  Marine  
  171  11:26  Barracks Tech Lab  
  171  11:29  Marauder x2, Marine x3  
  171  11:30  Command Center  
  171  11:31  Command Center  
  184  11:40  Marauder, Marine  
  184  11:41  Marauder, Marine x4  
  193  11:47  Marine  
  193  12:01  Ghost  
  193  12:02  Ghost  
  193  12:05  Marauder, Ghost  
  193  12:06  Liberator  
  193  12:16  Ghost  
  194  12:24  Liberator  
  194  12:27  Marine x2  
  194  12:29  Ghost  
  194  12:33  Marine  
  194  12:34  Ghost  
  194  12:41  Ghost  
  194  12:42  Nuke  
  199  12:46  Orbital Command  
  199  12:49  Refinery  
  199  12:51  Refinery  
  199  12:55  Marine  
  200  13:12  Ghost  
  200  13:19  Starport  
  195  13:20  Supply Depot  
  195  13:21  Starport  
  194  13:33  Viking x2  
  189  13:34  Planetary Fortress  
  189  13:39  Terran Infantry Armor Level 3  
  189  13:41  Ghost, Terran Ship Weapons Level 2  
  191  14:06  Ghost x2  
  193  14:20  Ghost x3  
  199  14:31  Marine  
  186  14:54  Ghost x3  
  186  14:55  Ghost x2, Marine  
  186  14:56  Marine  
  195  15:05  Marine  
  193  15:12  Marine x2  
  189  15:16  Marine x2  
  189  15:18  Starport Reactor  
  183  15:23  Marauder x2, Ghost x2  
  183  15:25  Marine  
  190  15:28  Starport Reactor  
  190  15:34  Marine x2  
  192  15:44  Ghost, Marine x4  
  192  15:45  Marauder  
  193  15:52  Ghost  
  193  15:53  Marauder  
  193  15:54  Marine  
  198  15:57  Terran Vehicle And Ship Armor Level 1  
  197  16:06  Marauder  
  197  16:07  Marine  
  197  16:11  Marine x3  
  195  16:12  Marine  
  195  16:15  Marine  
  200  16:34  Orbital Command  
  200  16:45  Starport Reactor  
  200  16:51  Refinery x2, Liberator  
  191  17:00  Ghost x2  
  195  17:14  Ghost, Liberator x2  
  195  17:15  Liberator x3  
  175  17:28  Ghost x2  
  175  17:29  Marine x2  
  132  17:30  Marine x7  
  132  17:34  Liberator  
  142  17:42  Marine  
  143  17:46  Marine  
  143  17:47  Marine x2  
  143  17:48  Marine x3  
  143  17:49  Marauder  
  151  17:52  Refinery x2  
  151  17:57  Ghost x2, Liberator  
  133  17:59  Marine  
  133  18:01  Marauder  
  133  18:05  Barracks Tech Lab  
  126  18:06  Marine x2  
  126  18:09  Ghost  
  126  18:11  Liberator x2  
  126  18:12  Marine x2  
  130  18:15  Marine x2  
  130  18:17  Marine  
  137  18:22  Marauder  
  137  18:24  Marauder, Marine x2  
  137  18:26  Marauder x2  
  145  18:29  Liberator x2  
  145  18:32  Marine x2  
  145  18:33  Marine  
  152  18:39  Marauder  
  160  18:48  Marine x2  
  160  18:49  Marauder  
  164  18:56  Factory  
  164  18:58  Marine x3  
  164  18:59  Marauder  
  169  19:08  Ghost  
  169  19:09  Marine x2  
  173  19:10  Medivac  
  173  19:11  Medivac  
  177  19:17  Ghost  
  174  19:32  Ghost x2  
  178  19:39  Liberator  
  178  19:42  Ghost x2  
  166  20:00  Liberator x2  
  166  20:01  Ghost x2  
  166  20:02  Marine x2  
  169  20:30  Command Center  
  169  20:32  Command Center  
  169  20:50  Ghost  
  169  20:51  Ghost x3  
  169  20:52  Marauder, Marine x6  
  169  20:53  Marine  
  128  21:09  Marine  
  128  21:10  Marine x5  
  128  21:11  Marine  
  121  21:14  Marauder  
  107  21:20  Marauder x4  
  107  21:22  Viking  
  117  21:25  Liberator x2  
  117  21:26  Liberator x2  
  117  21:27  Marine x2  
  117  21:28  Marine x2  
  110  21:34  Ghost  
  99  21:40  Ghost  
  99  21:41  Marauder x2, Marine  
  99  21:42  Marauder, Marine x2  
  99  21:45  Marine x3  
  99  21:46  Marine  
  122  21:53  Medivac  
  124  21:59  Marine  
  125  22:01  Medivac  
  125  22:03  Marauder x3  
  125  22:04  Marine  
  125  22:05  Marauder, Marine x5  
  141  22:10  Marauder  
  143  22:17  Marine  
  143  22:22  Marine x3  
  144  22:23  Marine  
  144  22:24  Marauder x3  
  144  22:26  Marauder  
  156  22:31  Marauder  
  156  22:32  Marine x2  
  156  22:34  Marine  
  161  22:37  Liberator  
  161  22:40  Marine  
  162  22:45  Ghost x3  
  162  22:47  Marauder, Marine x2  
  162  22:50  Marine x3  
  170  22:52  Ghost, Marine  
  170  22:58  Marine  
  177  23:05  Marine x2  
  179  23:08  Ghost, Marine  
  179  23:14  Marauder x3  
  185  23:20  Ghost  
  185  23:21  Marine  
  185  23:23  Marine x4  
  185  23:24  Liberator  
  185  23:35  Ghost x3, Marine x2  
  185  23:37  Marauder  
  198  23:50  Marauder  
  198  23:51  Refinery  
  197  23:59  Marauder  
  189  24:04  Marauder  
  176  24:18  Marauder, Marine x4  
  176  24:20  Marine x2  
  176  24:21  Marauder  
  176  24:22  Marine  
  176  24:23  Marauder  
  177  24:34  Ghost x2  
  169  24:39  Ghost  
  169  24:41  Ghost  
  169  24:43  Ghost  
  175  24:57  Reaper  
  175  24:59  Planetary Fortress  
  176  25:13  Ghost  
  170  25:15  Marine x2  
  170  25:16  Marauder  
  170  25:20  Ghost x2  
  178  25:21  Liberator x2  
  131  25:38  Medivac x3  
  143  25:51  Planetary Fortress  
  143  25:57  Refinery x2  
  143  25:59  Marine x2  
  143  26:00  Marauder  
  143  26:03  Medivac  
  149  26:14  Ghost x3  
  149  26:18  Liberator x2  
  155  26:19  Marine x3  
  155  26:20  Nuke  
  155  26:21  Marine  
  155  26:22  Marauder  
  158  26:37  Ghost  
  166  26:40  Marine x3  
  166  26:42  Marine x4  
Show
View Real Time Build Order
Export as new Build Order

SortOf Zerg 

Build Orders: Hatch First 

Get SALT Encoding   

  12  0:00  Drone  
  13  0:12  Overlord  
  13  0:17  Drone  
  14  0:31  Drone x2  
  16  0:36  Drone  
  17  0:45  Drone  
  18  0:58  Hatchery  
  18  1:00  Drone  
  18  1:03  Extractor  
  17  1:06  Drone  
  18  1:18  Spawning Pool  
  17  1:23  Drone  
  18  1:29  Drone  
  19  1:35  Extractor  
  19  1:39  Drone  
  19  1:49  Overlord  
  19  2:00  Drone  
  20  2:06  Metabolic Boost, Queen  
  22  2:10  Zergling x2  
  22  2:11  Zergling x2  
  24  2:16  Queen  
  24  2:21  Zergling x2  
  27  2:26  Drone  
  27  2:29  Spore Crawler  
  27  2:40  Drone  
  27  2:41  Queen  
  27  2:42  Drone  
  32  2:45  Overlord  
  32  2:49  Drone  
  33  2:55  Drone  
  34  3:02  Overlord  
  34  3:08  Drone x2  
  36  3:17  Drone x2  
  38  3:21  Hatchery  
  38  3:24  Drone x2  
  39  3:27  Drone x2  
  39  3:31  Drone x2  
  43  3:38  Roach Warren  
  43  3:40  Drone  
  43  3:43  Drone  
  43  3:47  Overlord  
  44  3:50  Drone  
  45  3:56  Extractor  
  45  3:57  Overlord  
  45  4:00  Drone x2  
  45  4:03  Overlord  
  45  4:07  Overlord  
  45  4:08  Drone x2  
  47  4:13  Overlord  
  47  4:14  Extractor  
  46  4:18  Roach x2  
  46  4:21  Queen  
  52  4:25  Spore Crawler  
  51  4:34  Queen  
  51  4:37  Lair, Spore Crawler  
  52  4:39  Drone  
  52  4:40  Drone  
  52  4:43  Drone  
  52  4:45  Drone  
  56  4:49  Drone x3  
  57  5:03  Evolution Chamber  
  57  5:04  Spore Crawler  
  57  5:06  Evolution Chamber  
  57  5:07  Drone x3  
  56  5:09  Drone x2  
  56  5:11  Zergling x4  
  60  5:15  Drone x3  
  60  5:21  Drone  
  64  5:24  Drone x3  
  67  5:35  Zergling x10  
  68  5:36  Zergling x4  
  68  5:38  Overseer, Ravager  
  68  5:40  Drone x2  
  70  5:47  Drone  
  69  5:50  Zerg Ground Armor Level 1, Zerg Missile Weapons Level 1  
  69  5:51  Drone x2  
  69  5:56  Drone x2  
  73  5:59  Drone x3  
  75  6:04  Drone  
  75  6:08  Drone x4  
  75  6:11  Glial Reconstitution  
  80  6:12  Overlord  
  80  6:15  Drone x2  
  81  6:22  Drone x2  
  81  6:23  Drone  
  81  6:25  Overlord, Extractor  
  84  6:27  Overlord  
  84  6:32  Drone x4  
  87  6:33  Infestation Pit  
  87  6:35  Extractor  
  87  6:36  Extractor  
  84  6:49  Zergling x12  
  84  6:52  Hatchery  
  84  6:53  Roach x4  
  97  7:02  Overlord  
  97  7:03  Overlord  
  97  7:05  Roach x3  
  97  7:07  Ravager  
  106  7:21  Pathogen Glands  
  92  7:24  Zergling x2  
  92  7:25  Zergling x16  
  92  7:28  Hatchery  
  100  7:36  Hive  
  100  7:38  Zergling x8  
  100  7:44  Ravager x7  
  107  7:46  Roach x2  
  107  7:49  Zerg Melee Weapons Level 1  
  111  7:53  Zerg Ground Armor Level 2  
  111  7:58  Roach x2  
  113  8:01  Overlord  
  113  8:03  Roach x2  
  117  8:06  Roach  
  110  8:16  Drone x9  
  119  8:21  Infestor x2  
  123  8:33  Infestor  
  123  8:34  Infestor  
  119  8:36  Drone x2  
  119  8:40  Zergling x12  
  129  8:47  Overlord, Zergling x4  
  131  8:51  Zergling x8  
  132  9:01  Zergling x2  
  123  9:12  Ultralisk Cavern  
  123  9:16  Zergling x22  
  128  9:29  Roach x4  
  130  9:33  Hatchery, Zergling x4, Roach x3  
  130  9:35  Queen  
  140  9:41  Roach x4  
  140  9:42  Overlord, Zergling x2  
  147  9:50  Zergling x2  
  145  9:56  Zergling x18  
  136  10:05  Zergling x6  
  129  10:11  Zergling x18  
  134  10:19  Zerg Melee Weapons Level 2, Hatchery, Zerg Ground Armor Level 3, Chitinous Plating  
  127  10:22  Ultralisk  
  127  10:24  Queen  
  135  10:29  Drone x2  
  136  10:41  Overseer  
  136  10:47  Ultralisk  
  136  10:48  Overlord x2  
  142  11:05  Overlord  
  142  11:09  Ultralisk x3  
  158  11:18  Baneling Nest, Spire  
  162  11:33  Ultralisk, Infestation Pit  
  162  11:34  Hatchery  
  162  11:39  Overlord  
  160  11:40  Overlord  
  160  11:45  Drone x3  
  163  11:51  Overlord  
  163  11:56  Ultralisk, Zergling x2  
  169  12:07  Pneumatized Carapace, Overseer  
  161  12:09  Drone x2  
  161  12:10  Drone x3  
  161  12:11  Drone x2  
  167  12:18  Adrenal Glands  
  167  12:22  Ultralisk x2  
  178  12:33  Drone x2  
  178  12:35  Infestor  
  182  12:38  Hatchery  
  182  12:40  Extractor  
  182  12:41  Extractor  
  179  12:47  Spine Crawler  
  179  12:50  Ultralisk, Zergling x18  
  187  12:55  Infestor  
  184  13:07  Zergling x10  
  189  13:18  Overseer  
  189  13:19  Nydus Network  
  187  13:26  Infestor  
  186  13:29  Overlord  
  187  13:37  Centrifical Hooks  
  187  13:38  Zerg Flyer Weapons Level 1, Zerg Melee Weapons Level 3  
  187  13:42  Baneling x6  
  187  13:45  Overlord x2  
  187  13:46  Drone x2  
  189  13:51  Drone x9  
  189  13:52  Drone  
  199  13:59  Nydus Canal  
  199  14:05  Zergling x4  
  199  14:21  Nydus Canal  
  199  14:26  Spine Crawler  
  199  14:27  Extractor x2  
  199  14:28  Infestor  
  198  14:39  Hatchery  
  198  14:41  Corruptor  
  188  14:55  Corruptor x5  
  198  15:01  Hatchery  
  186  15:09  Corruptor x4  
  190  15:14  Zergling x16  
  190  15:15  Zergling x2  
  190  15:19  Nydus Canal  
  194  15:26  Overseer, Zergling x8  
  194  15:28  Overlord  
  195  15:30  Hatchery  
  190  15:37  Nydus Canal  
  182  16:04  Nydus Canal  
  182  16:05  Zergling x30  
  190  16:21  Zerg Flyer Weapons Level 2  
  190  16:22  Zerg Missile Weapons Level 2  
  190  16:26  Overlord x2, Drone x4  
  190  16:27  Overlord  
  192  16:46  Spore Crawler  
  191  16:48  Spine Crawler  
  183  16:58  Spore Crawler  
  183  17:00  Ultralisk, Zergling x10  
  183  17:01  Zergling x10  
  191  17:02  Baneling x9  
  191  17:05  Overseer  
  187  17:16  Zergling x16  
  187  17:17  Zergling x10  
  183  17:24  Zergling x12  
  183  17:28  Ultralisk  
  143  17:41  Overlord  
  143  17:43  Baneling  
  135  17:44  Ultralisk x3  
  135  17:45  Zergling x2  
  135  17:46  Infestor  
  156  17:51  Nydus Canal  
  155  18:05  Hatchery  
  155  18:12  Overseer  
  151  18:22  Ultralisk x2  
  151  18:23  Zergling x2  
  155  18:29  Drone  
  155  18:30  Drone x10  
  165  18:34  Infestor  
  165  18:35  Infestor x2  
  165  18:38  Zerg Flyer Armor Level 1  
  171  18:46  Overlord  
  171  18:47  Spine Crawler  
  170  18:49  Zergling x2  
  170  18:50  Zergling x16  
  175  19:10  Zergling x10  
  175  19:11  Zergling x18  
  184  19:27  Corruptor x3  
  181  19:35  Baneling x7  
  175  19:59  Corruptor x4  
  179  20:05  Drone  
  179  20:06  Drone x3  
  171  20:18  Infestor  
  171  20:19  Infestor x3  
  176  20:28  Nydus Canal  
  176  20:32  Hatchery  
  176  20:35  Baneling x7  
  175  20:36  Baneling x5  
  175  20:39  Zergling x6  
  178  20:49  Zergling x14  
  125  21:06  Zergling x2  
  125  21:07  Zergling x24  
  129  21:19  Zergling x14  
  136  21:26  Hatchery  
  131  21:34  Zergling x2  
  131  21:36  Zergling x4  
  131  21:37  Zergling x2  
  117  21:43  Ultralisk x2  
  128  21:57  Extractor  
  128  21:58  Drone x7, Extractor  
  133  22:04  Baneling x4  
  133  22:06  Spore Crawler  
  132  22:10  Zergling x2  
  132  22:11  Zergling x10  
  138  22:22  Spine Crawler  
  137  22:26  Overseer  
  135  22:38  Drone x2  
  132  22:47  Zergling x2  
  132  22:48  Zergling x36  
  146  23:00  Ultralisk  
  146  23:01  Zergling x14  
  158  23:13  Nydus Canal  
  158  23:18  Zergling x6  
  158  23:19  Zergling x16  
  161  23:39  Infestor  
  163  23:52  Ultralisk  
  163  23:53  Overlord  
  163  23:55  Hatchery  
  168  23:59  Zergling x22  
  168  24:01  Baneling  
  168  24:02  Baneling x3  
  173  24:15  Zergling x2  
  170  24:19  Baneling  
  170  24:20  Baneling x10  
  170  24:21  Overseer  
  170  24:23  Drone x2  
  163  24:39  Infestor  
  165  24:50  Overseer  
  162  24:52  Nydus Canal  
  162  24:53  Zergling x18  
  162  24:54  Zergling x22  
  162  24:59  Queen  
  180  25:12  Infestor  
  180  25:13  Infestor  
  178  25:17  Zergling x2  
  178  25:18  Zergling x18  
  174  25:33  Ultralisk  
  174  25:34  Zergling x8  
  158  25:39  Queen x2  
  162  25:44  Extractor x2, Baneling x4  
  160  25:54  Ultralisk  
  165  26:06  Overlord x2  
  164  27:06  Zergling x8  
  145  27:26  Hatchery  
Tags
 
Add a new tag
Caveats
  • Supply blocks, unpowered buildings, or Contaminate may cause inaccurate times.
  • Supply counts are checked every 10 seconds.